 Dungeon Crawl Stone Soup version 0.29-a0-664-gff9cad4a3d (webtiles) character file.

Game seed: 11151522916568034738

123 happo123 the Grave Robber (level 4, 0/25 HPs)
             Began as a Deep Elf Necromancer on June 22, 2022.
             Slain by an orc
             ... wielding a +0 flail
              (2 damage)
             ... on level 3 of the Dungeon.
             The game lasted 00:16:44 (2253 turns).

happo123 the Grave Robber (Deep Elf Necromancer)    Turns: 2253, Time: 00:16:45

Health: 0/25       AC:  3    Str:  5    XL:     4   Next: 79%
Magic:  12/12      EV: 13    Int: 22    God:
Gold:   111        SH:  0    Dex: 15    Spells: 3/11 levels left

rFire   . . .      SeeInvis .   j - +8 trident of the Octopus King {venom, rElec rPois}
rCold   . . .      Faith    .   (no shield)
rNeg    . . .      Spirit   .   a - +0 robe
rPois   +          Reflect  .   c - +0 helmet
rElec   +          Harm     .   (no cloak)
rCorr   .          Rampage  .   (no gloves)
Will    .....                   (no boots)
Stlth   ++........              (no amulet)
HPRegen 0.08/turn               (no ring)
MPRegen 0.13/turn               (no ring)

@: no status effects
A: no striking features
a: no special abilities


You were on level 3 of the Dungeon.
You visited 1 branch of the dungeon, and saw 3 of its levels.

You collected 111 gold pieces.

Inventory:

Hand Weapons
 j - the +8 trident of the Octopus King (weapon) {venom, rElec rPois}
   (You took it off a goblin on level 2 of the Dungeon)

   It poisons the flesh of those it strikes.
   rElec:     It insulates you from electricity.
   rPois:     It protects you from poison.
Armour
 a - a +0 robe (worn)
 c - a +0 helmet (worn)
Magical Staves
 i - a staff of poison
Scrolls
 d - 2 scrolls of fear {unknown}
 f - 5 scrolls of identify {unknown}
 n - a scroll of magic mapping {unknown}
Potions
 b - a potion of magic
 e - a potion of mutation {unknown}
 g - 3 potions of curing {unknown}
 h - a potion of heal wounds {unknown}
 k - a potion of attraction {unknown}
 l - a potion of cancellation {unknown}
 m - a potion of ambrosia {unknown}


   Skills:
 + Level 1.1 Fighting
 + Level 3.1 Dodging
 + Level 3.3 Stealth
 * Level 4.3 Spellcasting
 * Level 5.8 Necromancy


You had 3 spell levels left.
You knew the following spells:

 Your Spells              Type           Power      Damage    Failure   Level
a - Necrotize             Necr           100%       1d9       1%          1
b - Vampiric Draining     Necr           30%        2d8       3%          3
c - Animate Dead          Necr           30%        N/A       10%         4

Your spell library contained the following spells:

 Spells                   Type           Power      Damage    Failure   Level
 Foxfire                  Conj/Fire      16%        2x1d4     11%         1
 Magic Dart               Conj           16%        1d3       11%         1
 Call Imp                 Summ           4%         N/A       17%         2
 Conjure Flame            Conj/Fire      4%         6-21      32%         3
 Inner Flame              Hex/Fire       4%         N/A       32%         3
 Mephitic Cloud           Conj/Pois/Air  4%         N/A       32%         3
 Agony                    Necr           30%        N/A       28%         5
 Flame Wave               Conj/Fire      4%         2d5       73%         4


Dungeon Overview and Level Annotations

Branches:
Dungeon (3/15)

Altars:
Yredelemnul
The Shining One

Shops:
D:2 :   D:3 [[*


Message History

Found Ylownoud's Antique Armour Shoppe.
There is an entrance to Ylownoud's Antique Armour Shoppe here.
Found Ijif's Antique Armour Shoppe.
Found 6 stones.
There is an entrance to Ijif's Antique Armour Shoppe here.
Found a leather armour.
Found a dagger.
You see here a +0 leather armour.
You see here a +0 dagger.
An orc wizard comes into view. It is wielding a +0 dagger.
A kobold and an orc come into view.
Found a twisted wooden ring.
Found a stone staircase leading down.
The orc wizard shouts!
The orc shouts!
You hear a shout!
The orc wizard points at you and mumbles some strange words.
You are confused.
An orc comes into view. It is wielding a +0 club.
You're too confused to cast spells.
Unknown command.
You bump into the rock wall.
The orc wizard gestures wildly while chanting.
The orc wizard flickers and vanishes!
Deactivating autopickup; reactivate with Ctrl-A.
Found Tusih's General Store.
A puff of flame appears from out of thin air!
The puff of flame hits you. The kobold barely misses you.
An orc comes into view. It is wielding a +0 whip.
The kobold hits you with a +0 short sword.
You miss the kobold.
The orc shouts!
The kobold hits you with a +0 short sword.
The orc hits you with a +0 flail!
* * * LOW HITPOINT WARNING * * *
The orc misses you. Something hits you but does no damage.
The kobold barely misses you.
You hit the orc but do no damage.
The orc is poisoned.
You feel less confused. Something hits you.
* * * LOW HITPOINT WARNING * * *
The orc hits you with a +0 flail.
You die...

.#.##...# #.###..§#
##.........#
#.###._.#
#..#.......
#..##§.§#
##......o..
##.########.........
♣
##Z###A###.........
♣.∩
.#Z########.=.....#
.. .#.# #.....{oo#.#
Z#.######.# #>.K@..#
∩#......... ##....##
.Z..#.....# ##Z..#
###...####.###Z####
..<.### #.#.##
.###########.##
....)..Z.....#
.############# ##


You could see 3 orcs, a kobold (ally target), a friendly rat zombie and a
friendly goblin zombie.

Vanquished Creatures
  An iguana (D:3)
  3 adders
  A gnoll (D:1)
  3 worms
  A dart slug (D:3)
  2 bats
  7 endoplasms
  3 giant cockroaches
  5 goblins
  3 hobgoblins
  2 jackals (D:2)
  A quokka (D:2)
  4 ball pythons
  3 frilled lizards
  5 kobolds
  3 rats
47 creatures vanquished.

Vanquished Creatures (collateral kills)
  An endoplasm (D:2)
1 creature vanquished.

Vanquished Creatures (others)
  A goblin zombie (D:3)
1 creature vanquished.

Grand Total: 49 creatures vanquished

Notes
Turn   | Place    | Note
-------+----------+-------------------------------------------
     0 | D:1      | happo123 the Deep Elf Necromancer began the quest for the
                  | Orb.
     0 | D:1      | Reached XP level 1. HP: 10/10 MP: 6/6
    52 | D:1      | Reached skill level 5 in Necromancy
    52 | D:1      | Reached XP level 2. HP: 15/15 MP: 1/8
   633 | D:1      | Found a faded altar of an unknown god.
   889 | D:2      | Reached XP level 3. HP: 20/20 MP: 7/10
  1087 | D:2      | Found Kaseades's Book Shoppe.
  1101 | D:2      | Learned a level 3 spell: Vampiric Draining
  1519 | D:2      | Reached XP level 4. HP: 24/24 MP: 8/11
  1524 | D:2      | Learned a level 4 spell: Animate Dead
  1720 | D:3      | Reached skill level 1 in Fighting
  2108 | D:3      | Found a basalt altar of Yredelemnul.
  2117 | D:3      | Noticed a profane servitor
  2134 | D:3      | Found a glowing golden altar of the Shining One.
  2137 | D:3      | Noticed an angel
  2190 | D:3      | Found Ylownoud's Antique Armour Shoppe.
  2199 | D:3      | Found Ijif's Antique Armour Shoppe.
  2250 | D:3      | Found Tusih's General Store.
  2253 | D:3      | Slain by an orc

Illustrated notes

Levels and vault maps discovered:
D:1:      psy_arrival_basics, layout_basic, shapermc_ecumenical_altar_pompeii
D:2:      layout_loops_corners, serial_shops, nicolae_shop_window_shopping
D:3:      layout_loops_ring, grunt_temple_overflow_holy_war, fedhas_altar_4,
          serial_shops, nicolae_diamond_shop, shop, nicolae_shop_trees,
          kennysheep_nondescript, minmay_misc_feat_secret_circle

Skill      XL: |  1  2  3  4 |
---------------+-------------+-----
Necromancy     | 5 |  5.8
Stealth        | 3 |  3.3
Fighting       | 1 |  1.1
Dodging        | 3 |  3.1
Spellcasting   | 4 |  4.3

Action                   |  1- 3 |  4- 6 || total
-------------------------+-------+-------++-------
Melee: Trident           |     4 |    19 ||    23
 Cast: Necrotize         |    56 |    16 ||    72
       Animate Dead      |       |     1 ||     1
       Vampiric Draining |       |     1 ||     1
 Stab: Sleeping          |       |     1 ||     1
Armor: Robe              |     2 |     3 ||     5
Dodge: Dodged            |     4 |    13 ||    17

Table legend: (Time is in decaauts)
 A = Elapsed time spent in this place.
 B = Non-inter-level travel time spent in this place.
 C = Inter-level travel time spent in this place.
 D = Time resting spent in this place.
 E = Time spent auto-exploring this place.
 F = Levels seen in this place.
 G = Mean time per level.
                   A        B        C        D        E       F      G
               +--------+--------+--------+--------+--------+-----+--------+
         Total |   2259 |   1507 |    752 |      0 |   1117 |   3 |  753.0 |
       Dungeon |   2259 |   1507 |    752 |      0 |   1117 |   3 |  753.0 |
               +--------+--------+--------+--------+--------+-----+--------+

Top non-repeatable levels by time:
     D:1: 886 daAuts
     D:2: 825 daAuts
     D:3: 547 daAuts
